 Dungeon Crawl Stone Soup version 0.29-a0-334-gb41bcbb86e (webtiles) character file.

Game seed: 15098537081759817686

526 ObtusePanda the Chopper (level 7, -1/91 HPs)
             Began as a Hill Orc Fighter on Apr 15, 2022.
             Was an Initiate of Beogh.
             Slain by a gnoll
             ... wielding a +1 spear of venom
              (3 damage)
             ... on level 5 of the Dungeon.
             The game lasted 00:24:48 (3517 turns).

ObtusePanda the Chopper (Hill Orc Fighter)          Turns: 3517, Time: 00:24:48

Health: -1/91      AC: 23    Str: 21    XL:     7   Next: 23%
Magic:  7/7        EV:  2    Int:  8    God:    Beogh [......]
Gold:   282        SH:  0    Dex: 10    Spells: 6/6 levels left

rFire   . . .      SeeInvis .   d - +2 battleaxe (distort)
rCold   . . .      Faith    .   (shield currently unavailable)
rNeg    . . .      Spirit   .   (body armour currently unavailable)
rPois   +          Reflect  .   (helmet currently unavailable)
rElec   .          Harm     .   (cloak currently unavailable)
rCorr   .          Rampage  .   (gloves currently unavailable)
Will    .....      NoTele   +   (boots currently unavailable)
Stlth   +.........              (no amulet)
HPRegen 0.25/turn               k - ring of flight
MPRegen 0.10/turn               (no ring)

@: lethally poisoned (-1 -> -17), tree-form
A: stationary, stasis, torment immunity, boosted hp
a: Renounce Religion


You were on level 5 of the Dungeon.
You worshipped Beogh.
Beogh was noncommittal.
You were a tree.
You visited 1 branch of the dungeon, and saw 5 of its levels.

You collected 282 gold pieces.

Inventory:

Hand Weapons
 a - a +0 war axe
 d - a +2 battleaxe of distortion (weapon)
 i - a +0 dagger of flaming
 q - a +2 hand axe of flaming
Missiles
 g - 4 javelins (quivered)
 j - 7 boomerangs
 o - 13 poisoned darts
Armour
 b - a +0 scale mail
 c - a +0 buckler
 p - a +1 chain mail (melded)
Jewellery
 k - a ring of flight (left branch)
Wands
 t - a wand of charming (2)
Scrolls
 e - 8 scrolls of identify
 f - a scroll of teleportation
 r - 3 scrolls of immolation {unknown}
 u - a scroll of fear {unknown}
Potions
 n - a potion of brilliance


   Skills:
 + Level 5.4 Fighting
 * Level 6.8 Axes
 + Level 5.0 Armour
 - Level 4.6 Shields


You had 6 spell levels left.
You didn't know any spells.
Your spell library contained the following spells:

 Spells                   Type           Power      Damage    Failure   Level
 Beastly Appendage        Tmut           0%         N/A       41%         1
 Foxfire                  Conj/Fire      0%         2x1d4     41%         1
 Sting                    Tmut/Pois      0%         1d3       41%         1
 Blink                    Tloc           0%         N/A       54%         2
 Sublimation of Blood     Necr           0%         N/A       54%         2
 Wereblood                Tmut           0%         N/A       54%         2
 Conjure Flame            Conj/Fire      0%         6-21      78%         3
 Inner Flame              Hex/Fire       0%         N/A       78%         3
 Lesser Beckoning         Tloc           0%         N/A       78%         3
 Flame Wave               Conj/Fire      0%         2d4       99%         4
 Petrify                  Tmut/Erth      0%         N/A       99%         4
 Manifold Assault         Tloc           0%         N/A       100%        5
 Metabolic Englaciation   Hex/Ice        0%         N/A       100%        5
 Statue Form              Tmut/Erth      0%         N/A       100%        6
 Storm Form               Tmut/Air       0%         N/A       100%        7
 Summon Hydra             Summ           0%         N/A       100%        7


Dungeon Overview and Level Annotations

Branches:
Dungeon (5/15)
 Temple: D:4-7

Altars:

Annotations:
D:4 Edmund


Message History

The gnoll shaman hits you with a +0 whip.
* * * LOW HITPOINT WARNING * * *
The gnoll hits you from afar with a +1 spear of venom.
* * * LOW HITPOINT WARNING * * *
The gnoll shaman hits you but does no damage.
You slice the gnoll shaman!!
You kill the gnoll shaman!
Beogh accepts your kill.
Beogh appreciates your killing of a heretic priest.
You hit the gnoll.
Space warps around the gnoll.
You completely miss the gnoll.
You feel sick.
The gnoll hits you from afar with a +1 spear of venom.
* * * LOW HITPOINT WARNING * * *
The gnoll hits you but does no damage. The gnoll hits you with a +0 whip.
* * * LOW HITPOINT WARNING * * *
The gnoll hits you but does no damage.
You hit the gnoll.
The gnoll is lightly wounded.
You slash the gnoll!
You kill the gnoll!
Beogh accepts your kill.
You feel sick.
The gnoll hits you from afar with a +1 spear of venom.
* * * LOW HITPOINT WARNING * * *
A gnoll comes into view. It is wielding a +0 flail.
The gnoll hits you but does no damage. x3
Your Armour skill increases to level 5!
Okay, then.
You barely miss the gnoll.
The gnoll is lightly wounded.
* * * LOW HITPOINT WARNING * * *
You feel sick.
The gnoll shouts!
The gnoll hits you but does no damage.
You are more poisoned.
The gnoll hits you but does no damage.
You are more poisoned.
The gnoll hits you but does no damage.
The gnoll hits you from afar with a +1 spear of venom.
You die...

####### ### ##.....##....
##..................
#.................##
##########................#
#.........................#
###....[....................# .
o..............)............###
.# #...........♣................
..###..........)g)†..........<...
..o.#...........†g...............
.##o....................####.....
##.................>...###.....
##...........g.........###.[#.
#.....................##..###
##...##..........<....##.####
.............................


You could see 3 gnolls.

Vanquished Creatures
  A necrophage (D:5)
  A scorpion (D:4)
  2 orc priests (D:5)
  A gnoll shaman (D:5)
  2 iguanas (D:5)
  An orc wizard (D:3)
  Terence (D:3)
  5 gnolls
  5 adders
  An ufetubus (D:5)
  3 worms (D:2)
  3 dart slugs
  7 orcs
  5 bats
  10 endoplasms
  2 giant cockroaches
  8 goblins
  7 hobgoblins
  4 jackals (D:4)
  9 ball pythons
  6 frilled lizards
  9 kobolds
  7 rats
100 creatures vanquished.

Vanquished Creatures (others)
  An iguana (D:5)
1 creature vanquished.

Grand Total: 101 creatures vanquished

Notes
Turn   | Place    | Note
-------+----------+-------------------------------------------
     0 | D:1      | ObtusePanda the Hill Orc Fighter began the quest for the
                  | Orb.
     0 | D:1      | Reached XP level 1. HP: 19/19 MP: 1/1
   117 | D:1      | Reached skill level 3 in Axes
   127 | D:1      | Reached XP level 2. HP: 25/27 MP: 2/2
   415 | D:2      | Reached XP level 3. HP: 31/33 MP: 3/3
   855 | D:2      | Reached skill level 4 in Axes
  1084 | D:2      | Reached XP level 4. HP: 40/40 MP: 4/4
  1588 | D:3      | Reached XP level 5. HP: 47/47 MP: 5/5
  1593 | D:3      | Noticed Terence
  1600 | D:3      | Killed Terence
  1957 | D:4      | Reached skill level 5 in Axes
  2023 | D:4      | Noticed Edmund
  2506 | D:4      | Reached XP level 6. HP: 39/55 MP: 6/6
  2872 | D:4      | HP: 1/55 [Edmund/+1 dire flail of protection (5)]
  3169 | D:4      | Identified a scroll of acquirement
  3169 | D:4      | Acquired a +2 battleaxe of distortion
  3294 | D:5      | Entered Level 5 of the Dungeon
  3302 | D:5      | Reached skill level 6 in Axes
  3336 | D:5      | Noticed a steam dragon
  3344 | D:5      | Became a worshipper of Beogh the Brigand
  3351 | D:5      | Reached skill level 5 in Fighting
  3475 | D:5      | Got the Tome of Glacial Changing
  3510 | D:5      | Reached XP level 7. HP: 21/61 MP: 7/7
  3516 | D:5      | HP: 4/91 [gnoll/+1 spear of venom (4)]
  3517 | D:5      | Reached skill level 5 in Armour
  3517 | D:5      | Slain by a gnoll

Illustrated notes

Levels and vault maps discovered:
D:1:      saegor_arrival_simple_c, layout_rooms
D:2:      layout_basic, minmay_small_reverse_x
D:3:      layout_loops_corners, uniq_terence
D:4:      layout_loops_ring, uniq_edmund
D:5:      layout_rooms, minmay_temple_entry_mist, feat_on_display

Skill      XL: |  1  2  3  4  5  6  7 |
---------------+----------------------+-----
Axes           | 3 4 5 6 |  6.8
Fighting       | 4 5 |  5.4
Armour         | 4 5 |  5.0
Shields        | 4 |  4.6

Action                   |  1- 3 |  4- 6 |  7- 9 || total
-------------------------+-------+-------+-------++-------
Melee: War axe           |   100 |    53 |       ||   153
       Hand axe          |       |   132 |       ||   132
       Battleaxe         |       |    16 |     6 ||    22
Invok: Convert to Beogh  |       |     1 |       ||     1
  Use: Scroll            |     2 |     9 |       ||    11
       Potion            |     1 |     8 |     2 ||    11
 Stab: Distracted        |       |     1 |       ||     1
Armor: Scale mail        |    42 |    28 |       ||    70
       Chain mail        |       |    54 |     2 ||    56
       Skin              |       |       |    15 ||    15
Dodge: Dodged            |    53 |    76 |       ||   129
Block: Buckler           |    20 |    33 |       ||    53

Table legend: (Time is in decaauts)
 A = Elapsed time spent in this place.
 B = Non-inter-level travel time spent in this place.
 C = Inter-level travel time spent in this place.
 D = Time resting spent in this place.
 E = Time spent auto-exploring this place.
 F = Levels seen in this place.
 G = Mean time per level.
                   A        B        C        D        E       F      G
               +--------+--------+--------+--------+--------+-----+--------+
         Total |   3552 |   3475 |     77 |    439 |   1102 |   5 |  710.4 |
       Dungeon |   3552 |   3475 |     77 |    439 |   1102 |   5 |  710.4 |
               +--------+--------+--------+--------+--------+-----+--------+

Top non-repeatable levels by time:
     D:4: 1471 daAuts
     D:2: 1007 daAuts
     D:3: 424 daAuts
     D:1: 418 daAuts
     D:5: 230 daAuts
